AoeStats
← Abetterhandle

MegaRandom

503785430Analyzed
4v4 RM · 1mo ago on Sep 2, 2026· 47m 5s· 8 players
Game mode
Random Map
Map size
Large (8 player)
Population
200
Speed
Normal
Resources
Standard
Victory
Conquest
Starting age
Dark Age
Ending age
Imperial Age
RankedLock teamsTeams togetherTeam positionsShared explorationLock speedFull tech treeHidden civsTurbo modeCheats
Victory
Defeat
🇹🇷 Berbers · Türkiye
983
+8
🇦🇺 Tatars · Australia
976
+8
🇳🇿 Malians · New Zealand
930
+9
🇨🇳 Mongols · China
746
+17
🇮🇹 Teutons · Italy
851
-13
🇫🇷 Franks · France
789
-11
🇺🇸 Bohemians · United States
766
-10
🇩🇪 Tupi · Germany
708
-8
Michaeldm6945
0:56 Loom
11:29 Feudal Age
12:06 Man-at-Arms
12:33 Arson
12:58 Double-Bit Axe
13:49 Horse Collar
15:23 Wheelbarrow
23:01 Castle Age
33:34 Long Swordsman
LORDGIOVI
5:23 Loom
11:36 Feudal Age
13:06 Double-Bit Axe
17:55 Castle Age
15:43 Horse Collar
16:57 Stone Mining
18:42 Wheelbarrow
23:02 Hand Cart
26:22 Bow Saw
28:25 Heavy Plow
29:15 Ballistics
28:33 Pikeman
31:36 Padded Archer Armor
31:30 Fletching
36:05 Imperial Age
37:37 Conscription
37:40 Ironclad
37:42 Forging
37:33 Scale Mail Armor
37:38 Scale Barding Armor
37:49 Leather Archer Armor
37:30 Bodkin Arrow
38:05 Cavalier
39:49 Bloodlines
41:29 Chemistry
40:54 Chain Barding Armor
41:10 Iron Casting
40:22 Paladin
40:40 Halberdier
46:50 Blast Furnace
46:26 Plate Barding Armor
benedikt.bitter
atouminou
5:56 Loom
12:46 Feudal Age
13:36 Double-Bit Axe
14:36 Gold Mining
19:54 Castle Age
20:30 Forging
20:27 Scale Barding Armor
20:47 Husbandry
22:11 Iron Casting
23:20 Wheelbarrow
24:14 Chain Barding Armor
23:48 Stone Mining
26:07 Pikeman
26:48 Scale Mail Armor
33:58 Fletching
34:42 Bow Saw
37:07 Gold Shaft Mining
37:39 Town Watch
38:07 Squires
41:19 Arson
42:23 Hand Cart
42:10 Town Patrol
43:17 Ballistics
TIMUR
1:30 Loom
9:58 Feudal Age
10:43 Double-Bit Axe
17:09 Castle Age
15:06 Stone Mining
15:20 Gold Mining
16:13 Horse Collar
23:43 Wheelbarrow
24:23 Bow Saw
24:14 Heavy Plow
24:36 Murder Holes
26:14 Ballistics
32:03 Imperial Age
30:01 Fletching
31:02 Forging
30:57 Scale Barding Armor
31:07 Scale Barding Armor
34:29 Heavy Camel Rider
35:20 Bloodlines
35:12 Husbandry
37:24 Iron Casting
37:09 Chain Barding Armor
38:43 Bodkin Arrow
39:49 Blast Furnace
38:50 Padded Archer Armor
45:37 Plate Barding Armor
44:27 Cavalier
RainbowRock3115
7:42 Loom
10:34 Feudal Age
11:04 Double-Bit Axe
11:46 Horse Collar
18:30 Castle Age
16:29 Gold Mining
18:13 Bloodlines
17:57 Stone Mining
18:16 Fletching
19:11 Padded Archer Armor
21:47 Gold Shaft Mining
26:36 Bodkin Arrow
32:45 Silk Armor
40:10 Bow Saw
41:27 Ballistics
42:19 Wheelbarrow
42:34 Heavy Plow
44:18 Hand Cart
45:17 Leather Archer Armor
45:08 Scale Barding Armor
45:57 Murder Holes
46:10 Husbandry
47:54 Chain Barding Armor
Abetterhandle
1:47 Loom
11:14 Feudal Age
11:45 Double-Bit Axe
13:07 Gold Mining
17:59 Castle Age
16:54 Bloodlines
17:29 Forging
18:02 Horse Collar
18:52 Scale Barding Armor
19:29 Husbandry
25:58 Husbandry
33:07 Imperial Age
30:53 Fletching
31:30 Heavy Plow
33:36 Chain Barding Armor
35:52 Plate Barding Armor
38:53 Squires
38:56 Scale Mail Armor
43:19 Elite Gbeto
44:21 Conscription
45:33 Chain Mail Armor
45:53 Iron Casting
SENKAII
6:04 Loom
10:49 Feudal Age
11:16 Double-Bit Axe
13:24 Wheelbarrow
13:28 Horse Collar
20:35 Castle Age
25:07 Hand Cart
28:45 Heavy Plow
28:56 Bow Saw
28:37 Gold Mining
28:39 Stone Mining
28:51 Stone Mining
29:07 Town Watch
31:02 Town Patrol
35:34 Imperial Age
35:29 Gold Shaft Mining
35:32 Stone Shaft Mining
37:50 Conscription
36:53 Elite Mangudai
39:23 Husbandry
39:34 Bloodlines
38:49 Light Cavalry
40:13 Ballistics
40:55 Chemistry
40:02 Siege Engineers
40:40 Fletching
40:50 Padded Archer Armor
41:02 Scale Barding Armor
40:50 Capped Ram
43:11 Drill
42:20 Hussar
46:04 Thumb Ring
46:26 Parthian Tactics
Connection lost

Rejoining the realm…

Still unreachable

The connection could not be restored.

Session expired

The server has moved on; the page needs a fresh start.